[Event "Early-Titled-Tuesday-Blitz-April-16-2024"]
[Site "Chess.com"]
[Date "2024.04.16"]
[Round "6"]
[White "Likvidator228"]
[Black "Korchmar_Vasiliy"]
[Result "0-1"]
[WhiteElo "2553"]
[BlackElo "2713"]
[TimeControl "180+1"]
[EndTime "9:10:14 PDT"]
[Termination "Korchmar_Vasiliy won by resignation"]

1. d4 Nf6 2. Nf3 g6 3. Bf4 Bg7 4. e3 O-O 5. h3 c5 6. c3 d5 7.
Nbd2 b6 8. a4 a6 9. Be2 Bb7 10.
O-O Nc6 11. Ne5 Nxe5 12. Bxe5 Nd7 13. Bxg7 Kxg7 14. f4 e6 15. Nf3 Nf6 16. Ne5 Ne4 17.
Bd3 f6 18. Nf3 Ng3 19. Re1 Qc7 20. b4 c4 21. Bc2 Rae8 22. Qd2 Ne4 23. Bxe4 dxe4 24.
Nh2 e5 25. fxe5 fxe5 26. Rf1 h5 27. Rxf8 Rxf8 28. a5 b5 29. Rf1 Rd8 30. Qf2 exd4 31. Qf6+ Kh7 32. exd4 Rd7 33. Rf4 e3 34. Nf3 Bxf3 35.
Rxf3 e2 36. Kf2 Re7 37. Ke1 Qd7 38. Rf2 Qc7 39. Qf3 Qd7 40. Rxe2 Rf7 41. Qe4 Qd6 42. Qe5 Qf8 43. Kd2 Qh6+ 44. Qe3 Qf8 45. Kc2 Qd6 46. Qe5 Qd7 47. Qe6 Qb7 48. d5 Rd7 49. d6 Kh6 50. h4 Qc6 51. Qe3+ Kh7 52. Rd2 Qb7 53. Qe6 Qc6 54. Qe5 Kh6 55. Qh8+ Rh7 56. Qf8+ Rg7 57. Qf4+ Kh7 58. g4 hxg4 59. Qxg4 Rd7 60. h5 Rxd6 61. hxg6+ Rxg6 62. Rd7+ Kg8 63. Rd8+ Kg7 64. Qd4+ Kf7 65. Rd7+ Ke6 66. Rd8 Qg2+ 67. Kc1 Qh1+ 68. Qd1 Rg1 69. Rd6+ Ke7 70. Rd7+ Kf6 71. Rd6+ Ke5 72. Rd5+ Ke4 73. Rd4+ Ke3 74. Kc2 Rxd1 75. Rxd1 Qg2+ 76. Kb1 Qe2 77. Rd4 Qe1+ 78. Kc2 Qf2+ 79. Kc1 Qg1+ 80. Kc2 Qh2+ 81. Kc1 Kf3 82. Rd2 Qg1+ 83. Kc2 Qa1 84. Rd4 Qa2+ 85. Kc1 Ke3 86. Rd6 Qa3+ 87. Kc2 Qb3+ 88.
Kc1 Qxc3+ 89. Kd1 Qb3+ 0-1

[Event "Early-Titled-Tuesday-Blitz-April-16-2024"]
[Site "Chess.com"]
[Date "2024.04.16"]
[Round "6"]
[White "Viktoker"]
[Black "Vahe_Danielyan"]
[Result "0-1"]
[WhiteElo "2448"]
[BlackElo "2609"]
[TimeControl "180+1"]
[EndTime "9:10:19 PDT"]
[Termination "Vahe_Danielyan won by checkmate"]

1. d4 Nf6 2. c4 e6 3. Nf3 d5 4. g3 Bb4+ 5. Nbd2 O-O 6. Bg2 b6 7. a3 Be7 8. O-O Bb7 9. Ne5 Nbd7 10. cxd5 exd5 11. Ndf3 c5 12. Bf4 Re8 13. e3 Nf8 14. h4 Ne6 15. Rc1 Nxf4 16. exf4 Ne4 17. Ng5 Nxg5 18.
hxg5 Qd6 19. dxc5 bxc5 20. Nc4 Qc7 21. Ne3 d4 22. Nd5 Bxd5 23. Bxd5 Rad8 24. Bc4 Bd6 25. Qh5 g6 26. Qh6 Bxf4 27. gxf4 Qxf4 28. Qh2 Qxg5+ 29. Qg3 Qf6 30. Rce1 Kg7 31. Rxe8 Rxe8 32. Rd1 Re5 33. Kf1 Rg5 34. Qh3 Qf4 35. Bd3 Rh5 36. Qg2 Rh2 37. Qg1 Qh4 38. Qg3 Qh5 39. Be2 Qf5 40. Bf3 Rh3 41.
Bg4 Rxg3 42. Bxf5 Rb3 43. Bd3 Rxb2 44. Re1 Rb3 45. Bc4 Rc3 46. Bd5 d3 47. Re7 Rc1+ 48. Kg2 d2 49. Rxf7+ Kh6 50. Bf3 d1=Q 51. Bxd1 Rxd1 52.
Rxa7 c4 53. Rc7 Ra1 54. Rxc4 Rxa3 55. f3 Kh5 56. Kg3 g5 57. Rc5 h6 58. Rd5 Rb3 59. Rc5 Rb6 60. Rd5 Kg6 61. Rc5 Rf6 62. Ra5 h5 63.
Rb5 h4+ 64. Kg2 Rc6 65. Rb2 Kh5 66. Ra2 Rc3 67. Rb2 Rd3 68. Ra2 Kg6 69. Rb2 Kf5 70. Ra2 Kf4 71. Ra4+ Kf5 72. Ra5+ Kg6 73. Ra2 Rc3 74.
Rb2 Ra3 75. Rc2 Kf5 76. Rb2 Ra4 77. Rc2 Kf4 78. Rb2 Rd4 79. Ra2 Ke3 80. Ra3+ Rd3 81.
Ra2 Rd2+ 82. Rxd2 Kxd2 83. f4 gxf4 84. Kf3 h3 85. Kf2 h2 86. Kg2 Ke2 87. Kxh2 f3 88.
Kh1 f2 89. Kh2 f1=Q 90. Kg3 Qf3+ 91. Kh2 Qg4 92. Kh1 Kf2 93. Kh2 Qg2# 0-1

[Event "Early-Titled-Tuesday-Blitz-April-16-2024"]
[Site "Chess.com"]
[Date "2024.04.16"]
[Round "6"]
[White "TigrVShlyape"]
[Black "lamomiajunior"]
[Result "1-0"]
[WhiteElo "2938"]
[BlackElo "2744"]
[TimeControl "180+1"]
[EndTime "9:10:33 PDT"]
[Termination "TigrVShlyape won by resignation"]

1. d4 Nf6 2. Bf4 d5 3. e3 c5 4. c3 Nc6 5. Nd2 Bf5 6. Qb3 Qc8 7. a4 e6 8. Ngf3 c4 9. Qa2 h6 10. b3 cxb3 11. Qxb3 Be7 12. Be2 O-O 13. h3 Na5 14. Qb2 b6 15. O-O Ne4 16. Nxe4 Bxe4 17. Nd2 Bg6 18.
Rfc1 Qb7 19. c4 dxc4 20. Nxc4 Nxc4 21. Rxc4 Rac8 22. a5 Rxc4 23. Bxc4 Rc8 24. Qb3 Be4 25.
axb6 Qxb6 26. Qxb6 axb6 27. Bf1 Bf6 28. g4 g5 29. Bd6 Rc2 30. Bg2 Bg6 31. Bf3 Rb2 32. Ba3 Rb3 33. Bd1 Rd3 34. Be2 Rd2 35. Kf1 e5 36. Bb4 Rb2 37. Bc3 Rc2 38. dxe5 Rxc3 39. exf6 Rc6 40. f4 gxf4 41. exf4 Rxf6 42. f5 h5 43. Bd3 hxg4 44. hxg4 Rd6 45. Ke2 Bh7 46. g5 Rxd3 47. Kxd3 Bxf5+ 48. Kd4 Kg7 49. Ke5 Bd3 50. Ra3 Bc4 51. Ra7 b5 52. Ra6 Bd3 53.
Rb6 Bc4 54. Rd6 Be2 55. Kf5 Bc4 56. Rb6 Be6+ 57. Ke5 Bc4 58. Rb7 Bd3 59. Kf4 Bc4 60.
Kf5 Be6+ 61. Kf4 Bc4 62. Kg4 Bd3 63. Rb6 Be2+ 64. Kh4 Bc4 65. Kh5 Be2+ 66. Kh4 Bc4 67. Kg4 Be6+ 68. Kf4 Bc4 69. g6 fxg6 70. Kg5 Kf7 71.
Rf6+ Ke7 72. Kxg6 Kd7 73. Kf5 Kc7 74. Ke5 b4 75. Rf4 Bb5 76. Rxb4 Kc6 77. Rb2 Kc5 78.
Rc2+ Bc4 79. Rc1 Kb4 80. Kd4 Be6 81. Rb1+ Ka3 82. Kc3 Ka4 83. Rb6 Bf7 84. Rf6 Bg8 85. Rf5 Be6 86. Re5 Bg8 87. Re8 Bf7 88. Rb8 Be6 89. Rb4+ Ka5 90. Rb1 Ka4 91. Kd4 Bf7 92. Kc5 Bg8 93. Rb4+ Ka3 94. Rb8 Bb3 95. Kd4 Bf7 96. Kc3 Ka4 97. Rb7 Bd5 98. Rb4+ Ka5 99. Rf4 Bc6 100. Kc4 Kb6 101. Rf6 Kc7 102. Kc5 Be4 103.
Rf7+ Kd8 104. Kd6 Ke8 105. Re7+ 1-0

[Event "Early-Titled-Tuesday-Blitz-April-16-2024"]
[Site "Chess.com"]
[Date "2024.04.16"]
[Round "6"]
[White "SpeedofLight0"]
[Black "alexrustemov"]
[Result "1/2-1/2"]
[WhiteElo "3073"]
[BlackElo "2848"]
[TimeControl "180+1"]
[EndTime "9:10:38 PDT"]
[Termination "Game drawn by stalemate"]

1. d4 d5 2. Nc3 Nf6 3. Bf4 c5 4. e3 cxd4 5. exd4 a6 6. Nf3 Nc6 7. Ne5 e6 8. Ne2 Bd6 9. Nc1 Qc7 10. Ncd3 Nxd4 11. c3 Nc6 12. Qe2 Ne4 13. Nxc6 Bxf4 14. Nxf4 Qxf4 15. Nb4 O-O 16. Nd3 Qf6 17. Qe3 Bd7 18.
Be2 Bb5 19. Nf4 Bxe2 20. Nxe2 Rfc8 21. O-O Nd6 22. Rad1 Nc4 23. Qc1 b5 24. Rd3 a5 25.
Rf3 Qe7 26. Nd4 b4 27. Re1 Nd6 28. Qf4 bxc3 29. bxc3 Ne4 30. Ree3 h6 31. h4 Rc4 32. Rxe4 dxe4 33. Rg3 Kh8 34. Qe5 Qf6 35. Qxe4 Rac8 36. Rf3 Qg6 37. Qxg6 fxg6 38. Nxe6 Rxh4 39. Rf7 Re4 40.
Nc7 Rxc7 41. Rxc7 Re1+ 42. Kh2 Re2 43. f3 Rxa2 44. c4 g5 45. Ra7 Kh7 46. c5 a4 47.
c6 Rc2 48. Rxa4 Rxc6 49. Ra5 Kg6 50. g4 Re6 51. Kg3 Kf6 52. Rf5+ Ke7 53. Ra5 Rd6 54.
Ra7+ Rd7 55. Ra5 Ke6 56. Ra6+ Kf7 57. Ra5 Re7 58. Rf5+ Kg6 59. Ra5 Re6 60. Rb5 Kf6 61.
Rf5+ Ke7 62. Ra5 Kf7 63. Ra7+ Re7 64. Ra5 g6 65. Rb5 Kf6 66. Rb6+ Re6 67. Rb8 h5 68. gxh5 gxh5 69. Rb5 Re5 70. Rb4 Kf5 71. Rb8 Re3 72. Rf8+ Kg6 73. Rg8+ Kf6 74. Rf8+ Kg7 75. Ra8 g4 76. Kh4 gxf3 77. Kg3 Kg6 78. Rf8 Kg5 79. Rxf3 h4+ 80. Kf2 Re4 81. Ra3 Kg4 82. Kg2 Re2+ 83.
Kg1 Re4 84. Rb3 Rf4 85. Ra3 Rb4 86. Rc3 Rb1+ 87. Kg2 h3+ 88. Kh2 Rb2+ 89. Kh1 Rb1+ 90.
Kh2 Rb4 91. Rc2 Rf4 92. Rc3 Rf2+ 93. Kg1 Rg2+ 94. Kh1 Rf2 95. Rb3 Rf4 96. Ra3 Kh4 97.
Rb3 Rg4 98. Rc3 Rf4 99. Rb3 Kg4 100. Ra3 Rf1+ 101. Kh2 Rf2+ 102. Kg1 Rf3 103. Rxf3 Kxf3 104. Kh2 Kg4 105. Kh1 Kg3 106. Kg1 h2+ 107. Kh1 Kh3 1/2-1/2

[Event "Early-Titled-Tuesday-Blitz-April-16-2024"]
[Site "Chess.com"]
[Date "2024.04.16"]
[Round "6"]
[White "Predator0608"]
[Black "Egor_Koshulyan"]
[Result "1-0"]
[WhiteElo "2579"]
[BlackElo "2716"]
[TimeControl "180+1"]
[EndTime "9:10:41 PDT"]
[Termination "Predator0608 won by resignation"]

1. Nf3 d5 2. b3 Nf6 3. Bb2 e6 4. g3 Be7 5. Bg2 O-O 6. d3 b6 7. Nbd2 Bb7 8. O-O c5 9. Re1 Nc6 10. e4 b5 11. a4 a6 12. Ne5 Rc8 13. axb5 axb5 14. exd5 Nxd5 15. Ndf3 Ra8 16. Nxc6 Bxc6 17. Ne5 Bb7 18. c4 Rxa1 19. Bxa1 f6 20. Ng4 h5 21.
Nh6+ gxh6 22. Qxh5 Rf7 23. Qg4+ Kf8 24. Qg6 Qd6 25. Qxh6+ Ke8 26. cxd5 Bxd5 27. Qh8+ Kd7 28. Qh5 e5 29. Bh3+ Kc7 30. Rxe5 Bxb3 31. Re1 Bd5 32. Qf5 Bb7 33. Re6 Qd5 34. Qxd5 Bxd5 35. Re2 Bd6 36. Bg2 Bb3 37. Bf3 c4 38. dxc4 bxc4 39. h4 Bb4 40. h5 c3 41. Bxc3 Bxc3 42. Re3 Bd4 43.
Rxb3 Rg7 44. Rd3 Bb6 45. Kg2 f5 46. Rc3+ Kb8 47. Rb3 Ka7 48. Rb5 f4 49. g4 Bd8 50.
Kh3 Bg5 51. Rf5 Kb6 52. Be4 Kc7 53. Kg2 Kd6 54. Kf3 Ke6 55. Ra5 Kf6 56. Ra6+ Ke5 57.
Bf5 Rg8 58. Re6+ Kd5 59. Rg6 Rxg6 60. Bxg6 Ke5 61. Ke2 Bh6 62. Kd3 Bg5 63. f3 Bh6 64. Kc4 Bg5 65. Kc5 Kf6 66. Kd6 Bh6 67. Kd5 Bg5 68.
Ke4 Bh6 69. Be8 Bg5 70. Kd5 Bh6 71. Bc6 Bg5 72. Kd6 Bh6 73. Kd7 Bg7 74. Ke8 Bh6 75. Bd5 Bg7 76. Be4 Bh6 77. Bd3 Bg7 78. g5+ Kxg5 79.
Kf7 Bh6 80. Bg6 Kh4 81. Kf6 Bf8 82. Be8 Kg3 83. Bc6 Kh4 84. Kg6 Bb4 85. h6 Bc3 86. h7 Bb2 87. Kf7 Kg5 88. Kg8 1-0

[Event "Early-Titled-Tuesday-Blitz-April-16-2024"]
[Site "Chess.com"]
[Date "2024.04.16"]
[Round "6"]
[White "chess123456s"]
[Black "NajdorfPlayerc5"]
[Result "1/2-1/2"]
[WhiteElo "2602"]
[BlackElo "2406"]
[TimeControl "180+1"]
[EndTime "9:10:45 PDT"]
[Termination "Game drawn by 50-move rule"]

1. d4 Nf6 2. Nf3 e6 3. Bf4 c5 4.
e3 Nc6 5. Nbd2 d5 6. c3 Bd6 7.
Bg3 Qe7 8. Bd3 O-O 9. Ne5 Nd7 10. Nxd7 Qxd7 11. Bxd6 Qxd6 12. O-O e5 13. dxc5 Qxc5 14.
e4 d4 15. Nb3 Qb6 16. cxd4 Nxd4 17. Bc4 Be6 18. Bxe6 Nxe6 19. Qd5 a5 20. Qxe5 a4 21. Nd2 Ra5 22. Qc3 Rc5 23. Qa3 Rc2 24. Nf3 Rxb2 25.
Rad1 Qb4 26. Qxb4 Rxb4 27. Rb1 Rxe4 28. Rxb7 Re2 29. Ra1 Rd8 30. g3 h6 31. Ra7 Nd4 32.
Kg2 Nxf3 33. Kxf3 Rdd2 34. Rf1 Rxa2 35. Rxa4 Rxf2+ 36. Rxf2 Rxa4 37. Rb2 Kh7 38. h4 Kg6 39. Rb5 f6 40. Rc5 f5 41. Rb5 Ra6 42. Rc5 Kf6 43. Rb5 g5 44. hxg5+ hxg5 45. Rc5 Ra3+ 46. Kf2 Kg6 47. Rc8 Kh5 48. Rc4 Ra2+ 49. Kg1 Ra5 50. Kg2 Re5 51. Rc2 Kg4 52. Rd2 Re4 53. Rc2 f4 54.
gxf4 gxf4 55. Kf2 Ra4 56. Rb2 Ra3 57. Kg2 Rg3+ 58. Kf2 Rh3 59. Kg2 f3+ 60. Kg1 Kg3 61.
Rg2+ Kf4 62. Rb2 Rh8 63. Rc2 Rg8+ 64. Kf1 Ra8 65. Kf2 Rh8 66. Rc4+ Ke5 67. Kxf3 Kd5 68. Ra4 Rc8 69. Ke3 Kd6 70. Kd4 Kd7 71. Kd5 Rc7 72.
Rh4 Kc8 73. Kd6 Rd7+ 74. Kc6 Rc7+ 75. Kb6 Rb7+ 76. Ka6 Rd7 77. Rh8+ Kc7 78. Rh4 Rd6+ 79. Kb5 Rd5+ 80. Kc4 Rd7 81. Kc5 Rg7 82. Rh5 Kd7 83. Kd5 Re7 84. Rh6 Kc7 85. Ra6 Kd8 86. Ra8+ Kd7 87. Rb8 Rf7 88. Rb7+ Ke8 89. Rb6 Ke7 90. Ke5 Kf8 91. Ke6 Kg7 92. Rb3 Rf6+ 93. Ke5 Rf7 94. Rg3+ Kf8 95. Ke6 Re7+ 96. Kd6 Rf7 97. Rb3 Kg7 98. Ke6 Rf6+ 99. Ke5 Rf7 100. Rb6 Kf8 101. Ke6 Kg7 102. Ke5 Re7+ 103. Kf5 Rf7+ 104. Kg5 Ra7 105. Rb5 Kf7 106. Re5 Kg7 107. Kh5 Rf7 108. Kg4 Kf8 109. Kg5 Rg7+ 110. Kf6 Rf7+ 111. Kg6 Rg7+ 112. Kh6 Rf7 113. Rc5 Ke7 114. Kg6 Rf6+ 115. Kg7 Rd6 116. Re5+ Kd8 117. Kf7 1/2-1/2

[Event "Early-Titled-Tuesday-Blitz-April-16-2024"]
[Site "Chess.com"]
[Date "2024.04.16"]
[Round "6"]
[White "Bilan_Danila"]
[Black "ilqar_74"]
[Result "1/2-1/2"]
[WhiteElo "2536"]
[BlackElo "2773"]
[TimeControl "180+1"]
[EndTime "9:10:57 PDT"]
[Termination "Game drawn by stalemate"]

1. d4 Nf6 2. Nf3 e6 3. g3 d5 4. Bg2 Be7 5. O-O O-O 6. c4 dxc4 7. Qa4 a6 8. Qxc4 b5 9. Qc2 Bb7 10. Bf4 Nc6 11. Nc3 Nb4 12. Qd2 c5 13. dxc5 Qxd2 14.
Nxd2 Bxg2 15. Kxg2 Bxc5 16. Nb3 Be7 17. Rac1 Rfc8 18.
Rfd1 Nfd5 19. Nxd5 Nxd5 20. e4 Nb6 21. Na5 f6 22. Be3 Na4 23. Rxc8+ Rxc8 24. Rd7 Bc5 25. Bxc5 Rxc5 26. b3 Nc3 27. Rd6 e5 28. Rxa6 Nxe4 29. Kf3 f5 30. Rc6 Rd5 31. Rc2 Kf7 32. Nc6 h5 33. a4 bxa4 34. bxa4 Kf6 35. a5 Rd3+ 36. Kg2 Ra3 37. f3 Ng5 38. Nxe5 Kxe5 39. f4+ Kf6 40.
fxg5+ Kxg5 41. h4+ Kh6 42. Rc6+ g6 43. a6 Kg7 44.
Rb6 Kh6 45. Rc6 Ra5 46. Rb6 Ra4 47. Kf3 Ra3+ 48. Kf4 Ra1 49. Kf3 Ra2 50. Ke3 Ra3+ 51. Kf4 Kg7 52. Rc6 Ra4+ 53. Kf3 Kh6 54. Kg2 Ra2+ 55.
Kf3 Ra4 56. Rb6 Kg7 57. Rc6 Kf7 58. Rb6 Ra3+ 59. Kg2 Ra4 60. Kf3 Ra1 61. Kf2 Kg7 62. Kf3 Ra2 63. Rc6 Kf7 64. Rb6 Kg7 65. Rc6 Rb2 66. Rd6 Rb3+ 67. Kf2 Rb2+ 68. Kf3 Rb3+ 69. Kf2 Ra3 70. Kg2 Ra4 71. Rc6 f4 72. gxf4 Rxf4 73. Rc7+ Kh6 74. a7 Ra4 75. Kf3 Ra6 76. Ke4 g5 77.
Rc6+ Rxc6 78. a8=Q Rc4+ 79. Kf5 Rf4+ 80. Ke5 Rxh4 81.
Qh8+ Kg6 82. Qg8+ Kh6 83. Qe6+ Kh7 84. Kf6 Rf4+ 85. Kxg5 Rf8 86. Qh6+ Kg8 87. Kg6 Rf7 88. Qd2 Rg7+ 89. Kf6 Rf7+ 90. Ke6 Rg7 91. Qd8+ Kh7 92. Qd3+ Kh6 93. Kf6 Rg8 94. Qe3+ Kh7 95. Qe7+ Kh6 96. Qe3+ Kh7 97. Qe4+ Kh6 98. Qf4+ Kh7 99. Kf7 Rg7+ 100. Kf8 Rg6 101. Kf7 Rg7+ 102. Kf6 Rg6+ 103. Kf5 Kg7 104. Qc7+ Kh6 105. Qd8 Kh7 106. Qe7+ Rg7 107. Qf8 h4 108. Kf6 Rg6+ 109. Kf5 Rg7 110. Qb4 h3 111. Qh4+ Kg8 112. Qxh3 Rf7+ 113. Kg6 Rg7+ 114. Kf6 Rf7+ 115. Ke6 Rg7 116. Qh6 Re7+ 117. Kf6 Re6+ 118. Kxe6 1/2-1/2

[Event "Early-Titled-Tuesday-Blitz-April-16-2024"]
[Site "Chess.com"]
[Date "2024.04.16"]
[Round "6"]
[White "TitarovVasiliYouTube"]
[Black "DanylaBagrov"]
[Result "1/2-1/2"]
[WhiteElo "2614"]
[BlackElo "2488"]
[TimeControl "180+1"]
[EndTime "9:11:36 PDT"]
[Termination "Game drawn by agreement"]

1. e4 c5 2. Nf3 a6 3. a4 Nc6 4. Nc3 Nf6 5. Bc4 e6 6. O-O d5 7. exd5 exd5 8. Re1+ Be7 9. Bf1 O-O 10. b3 Re8 11. h3 d4 12. Ne4 Nd5 13. Ba3 b6 14. c3 Bf5 15. cxd4 cxd4 16. Ng3 Bg6 17. Bb2 d3 18. Ne4 Ndb4 19. Rc1 Nc2 20. Rxc2 dxc2 21. Qxc2 Nb4 22. Qc3 Bf8 23. d3 Rc8 24. Qd4 Qxd4 25. Bxd4 Nc2 26. Rd1 Nxd4 27. Nxd4 Bxe4 28. dxe4 Rxe4 29.
Nf5 a5 30. Bc4 g6 31. Ne3 Bc5 32. Ng4 Kg7 33. Kf1 Rce8 34. Nh2 Rd4 35. Rxd4 Bxd4 36. Nf3 Bc5 37. g4 h6 38. Nd2 Kf6 39. f3 Re7 40.
Ne4+ Ke5 41. Kg2 Kd4 42. Nf6 Kc3 43. Nd5+ Kd4 44. Nxe7 Bxe7 45. Bxf7 g5 46. h4 gxh4 47. f4 Ke4 48. f5 Kf4 49. Kh3 Bf6 50. Bc4 Kf3 51.
Bd5+ Ke3 52. Be6 Kd4 53. Kg2 Ke5 54. Bc4 h5 55. Kh3 Kf4 56. gxh5 Kxf5 57. Bd3+ Kg5 58. Bg6 Bg7 59. Bf7 Bh6 60. Be8 Bg7 61. Kg2 Kg4 62. Bg6 h3+ 63. Kh1 Be5 64. Bf7 Kf5 65. h6 Kf6 66. Bc4 Kg5 67. h7 Kg4 68. Bd3 Kg3 69.
Kg1 Bd4+ 70. Kh1 Be5 71. Be4 Bf6 72. Bc2 Be5 73. Bd3 Kf3 74. Bb5 Ke3 75. Bc6 Kd4 76. Bd7 h2 77. Be6 Kc5 78. Bc4 Kb4 79. Kg2 Kc3 80. Bd5 Kd4 81. Bb7 Kc5 82. Kh3 b5 83.
axb5 Kxb5 84. Kg2 Kc5 85. Bf3 Kd4 86. Bh5 Kd3 87. Bf7 Ke4 88. Kh1 Kf3 89. Bd5+ Kg4 90.
Kg2 Kg5 91. Kf1 Kh6 92. Ke2 Kxh7 93. Kf1 Kg6 94. Kg2 Kf6 95. Kh1 Kf5 96. Bc6 Kf4 97.
Bd5 Kg3 98. Bg8 Bd6 99. Be6 Kf2 100. Bf7 Ke3 101. Bg8 Kd4 102. Bf7 Ke5 103. Bg8 Ke4 104. Bf7 Kd3 105. Bg6+ Kc3 106. Bf7 Kb4 107. Bg8 Be5 108. Kg2 Ka3 109. Kh1 Bf4 110. Kg2 Kb2 111. Kh1 Kc2 112. Kg2 a4 113. bxa4 Kc3 114. a5 Kb4 115. a6 Bb8 116.
Be6 h1=Q+ 117. Kxh1 Kb5 118. Bc8 Ba7 119. Bb7 Kb6 120. Kg2 Kc7 121. Kf1 Kb8 122. Ke2 Bb6 123. Kd1 Ba7 124. Kc2 Bb6 125. Kb3 Ba7 126. Kc4 Bb6 127. Kb5 Bg1 128. Bc6 Ka7 129. Bd5 Bf2 130. Bc4 Bg1 131. Kc6 Bf2 132. Kd5 Bg1 133. Ke4 Bf2 134. Kf3 Bb6 135. Bb5 Ba5 136.
Ke2 Bb6 137. Kd1 Ba5 138. Kc2 Bb6 139. Kd3 Ba5 140. Ke4 Bb6 141. Kd5 Ba5 142. Ke5 Bb6 1/2-1/2

[Event "Early-Titled-Tuesday-Blitz-April-16-2024"]
[Site "Chess.com"]
[Date "2024.04.16"]
[Round "6"]
[White "Abund"]
[Black "Kazmin_Semyon"]
[Result "1-0"]
[WhiteElo "2810"]
[BlackElo "2585"]
[TimeControl "180+1"]
[EndTime "9:13:34 PDT"]
[Termination "Abund won by resignation"]

1. Nf3 g6 2. e4 Bg7 3. d4 c6 4. h3 d5 5. e5 h5 6. Bd3 Nh6 7. O-O Bf5 8. Re1 Bxd3 9. Qxd3 Nf5 10. e6 f6 11. g4 hxg4 12. hxg4 Na6 13. gxf5 Qd6 14. fxg6 O-O-O 15. Qf5 Rdg8 16. Bf4 Qb4 17. Nbd2 Bh6 18. Nf1 Bxf4 19. Qxf4 Rxg6+ 20. Ng3 Qxb2 21. Qf5 Rhg8 22. Kg2 Nb4 23. Rab1 Qc3 24. Re3 Qc4 25. c3 Qxa2 26. Nd2 Nc2 27. Rf3 Na3 28. Rd1 Nb5 29. Qd3 Nd6 30. Kf1 Qa4 31. Rb1 Rh6 32. Rf4 Rh2 33.
Nf3 Rh3 34. Kg2 Rh6 35. Rh1 Rhg6 36. Rfh4 Qa2 37. R1h3 Ne4 38. Rxe4 dxe4 39. Qxe4 Qd5 40. Qxd5 cxd5 41. Rh7 f5 42. Nh4 Rf6 43. Kf3 Rxe6 44. Nhxf5 Rf8 45. Kg4 Rg6+ 46. Kh5 Re6 47. Nxe7+ Kb8 48.
Nxd5 a5 49. Kg4 a4 50. Nf4 Rc6 51. Nd5 a3 52. Rh1 Ra6 53. Ra1 Rd8 54. Nb4 Ra4 55.
Ne4 Rg8+ 56. Kf5 Ra5+ 57. Kf4 Rf8+ 58. Ke3 Raf5 59. Ke2 Re8 60. Kd3 Rf3+ 61. Ke2 Rxc3 62. Kd2 Rc4 63. Nd6 Rxd4+ 64. Kc3 Rxd6 65. Rxa3 Rf8 66.
Nd3 Rf3 67. Kc2 Rc6+ 68. Kd2 Rd6 69. Ke2 Rf8 70. Rb3 Re8+ 71. Kd2 Red8 72. Ke3 Kc7 73. f4 Re8+ 74. Ne5 Rh6 75. Kd4 Rh1 76. Ke4 Re1+ 77. Kf3 Rf8 78. Nd3 Rf1+ 79. Ke4 Rh1 80. Rc3+ Kd6 81.
Rb3 Rh7 82. Rb6+ Kc7 83. Rb1 Rhf7 84. Rb3 Kb8 85. Kd5 Rd8+ 86. Ke6 Rff8 87. Ke5 Rfe8+ 88. Kf5 Rd5+ 89. Ne5 Kc7 90. Ke4 Rd1 91. Rf3 b5 92.
Rc3+ Kb6 93. Rb3 Ka5 94. Kf5 Ka4 95. Rb2 b4 96. Ra2+ Kb3 97. Ra7 Rc8 98. Rb7 Kc3 99.
Ng4 b3 100. Ne3 Rd3 101. Ng4 b2 102. Nf2 Rd5+ 103. Ke6 Rd4 104. Ke5 Rc5+ 105. Ke6 Kc2 106. f5 b1=Q 107. Rxb1 Kxb1 108. f6 Rc6+ 109. Ke5 Rd8 110. Ng4 Ra8 111. Kf5 Ra5+ 112. Kg6 Raa6 113. Kg7 Rc7+ 114. f7 Ra5 115. Nh6 Rg5+ 116. Kf6 Rg1 117. f8=Q Rf1+ 118. Nf5 Rxf5+ 119. Kxf5 Rc2 120. Ke4 Rb2 121. Kd3 Rb3+ 122. Kd2 Rb2+ 123. Kc3 Rc2+ 124. Kd3 Rb2 125. Qf1+ Ka2 126. Qd1 Rb3+ 127. Kc4 Rb2 128. Kc3 Rb8 129. Qa4+ Kb1 130. Qe4+ Ka2 131. Qg2+ Ka3 132. Qg1 Rc8+ 133. Kd4 Rd8+ 134. Kc5 Rc8+ 135. Kb5 Rb8+ 136. Kc6 Rc8+ 137. Kb7 Rc3 138. Qa1+ Kb3 139. Kb6 Kc2 140. Qa2+ Kd3 141. Kb5 Rc2 142. Qb1 Kc3 143. Qb4+ Kd3 144. Qb1 Kc3 145. Ka4 Rb2 146. Qa1 Kc2 147. Qf1 Ra2+ 148. Kb4 Rb2+ 149. Kc4 Ra2 150. Qe2+ Kb1 151. Qd1+ Kb2 152. Qb3+ Ka1 153. Qh3 Kb2 154. Kb4 Kb1 155. Qd3+ Ka1 156. Qd1+ Kb2 157. Qh1 Kc2 158. Qh7+ Kb2 159. Qg7+ Kb1 160. Kb3 Ra3+ 161. Kxa3 1-0

[Event "Early-Titled-Tuesday-Blitz-April-16-2024"]
[Site "Chess.com"]
[Date "2024.04.16"]
[Round "7"]
[White "Eliwood44"]
[Black "xasid81"]
[Result "0-1"]
[WhiteElo "2483"]
[BlackElo "2627"]
[TimeControl "180+1"]
[EndTime "9:15:51 PDT"]
[Termination "xasid81 won by resignation"]

1. d4 d5 2. c4 e6 3. Nc3 Nf6 4.
cxd5 exd5 5. Bg5 c6 6. e3 h6 7. Bh4 Bf5 8. Qf3 Bg6 9. Bxf6 Qxf6 10. Qxf6 gxf6 11. Kd2 Nd7 12. Nge2 Bd6 13. Nc1 a5 14. h4 f5 15. h5 Bh7 16. g3 Nf6 17. Bd3 Ne4+ 18.
Ke1 Rg8 19. N1e2 a4 20. a3 Kd7 21. Rc1 b5 22. Rh3 Ng5 23. Rh4 Nf3+ 24. Kd1 Nxh4 25. gxh4 Rg2 26. Ke1 Rh2 27. Ng3 Bxg3 0-1

[Event "Early-Titled-Tuesday-Blitz-April-16-2024"]
[Site "Chess.com"]
[Date "2024.04.16"]
[Round "7"]
[White "nikitakhoroshev"]
[Black "klercaku"]
[Result "0-1"]
[WhiteElo "2524"]
[BlackElo "2214"]
[TimeControl "180+1"]
[EndTime "9:16:34 PDT"]
[Termination "klercaku won by resignation"]

1. e4 e5 2. Nf3 Nc6 3. Bc4 Bc5 4. c3 Nf6 5. d4 exd4 6. cxd4 Bb4+ 7. Nc3 Nxe4 8. O-O Bxc3 9. d5 Bf6 10. Re1 Ne7 11.
Rxe4 d6 12. Bg5 Bxg5 13. Nxg5 O-O 14. Qh5 Bf5 15. Re3 Bg6 16. Qh4 Nf5 17. Qf4 Nxe3 18.
fxe3 Qe7 19. Rf1 Rae8 20. Rf3 Qe5 21. Qh4 Qxb2 0-1

[Event "Early-Titled-Tuesday-Blitz-April-16-2024"]
[Site "Chess.com"]
[Date "2024.04.16"]
[Round "7"]
[White "SoCalJuniorChess"]
[Black "Laico"]
[Result "0-1"]
[WhiteElo "2187"]
[BlackElo "2411"]
[TimeControl "180+1"]
[EndTime "9:17:01 PDT"]
[Termination "Laico won by resignation"]

1. d4 e6 2. Nc3 Bb4 3. Qd3 f5 4. a3 Bxc3+ 5. Qxc3 Nf6 6. f3 O-O 7. Bg5 b6 8. O-O-O Bb7 9. Nh3 d6 10. Nf2 Nbd7 11. Qd3 Qe8 12. e4 fxe4 13. fxe4 e5 14.
d5 Qg6 15. h4 Nc5 16. Qe3 Nfxe4 17. Bd3 Rxf2 18. h5 Qxg5 0-1

[Event "Early-Titled-Tuesday-Blitz-April-16-2024"]
[Site "Chess.com"]
[Date "2024.04.16"]
[Round "7"]
[White "IPAchess"]
[Black "Likvidator228"]
[Result "1-0"]
[WhiteElo "2389"]
[BlackElo "2541"]
[TimeControl "180+1"]
[EndTime "9:17:08 PDT"]
[Termination "IPAchess won by resignation"]

1. d4 f5 2. Bf4 Nf6 3. e3 g6 4.
h4 h6 5. Qf3 d6 6. Nc3 Nc6 7.
Qg3 Rg8 8. Be2 e6 9. O-O-O Bd7 10. Nf3 Qe7 11. d5 exd5 12. Nxd5 Nxd5 13. Rxd5 Be6 14.
Rdd1 O-O-O 15. Kb1 Bf7 16. Nd4 Ne5 17. Nb5 a6 18.
Nc3 Bg7 19. Nd5 c6 20. Nxe7+ 1-0

[Event "Early-Titled-Tuesday-Blitz-April-16-2024"]
[Site "Chess.com"]
[Date "2024.04.16"]
[Round "7"]
[White "Korchmar_Vasiliy"]
[Black "Josgar05"]
[Result "1-0"]
[WhiteElo "2716"]
[BlackElo "2456"]
[TimeControl "180+1"]
[EndTime "9:17:13 PDT"]
[Termination "Korchmar_Vasiliy won by resignation"]

1. e4 g6 2. d4 Bg7 3. Nf3 c6 4. Bd3 d5 5. e5 Nh6 6. O-O O-O 7. Re1 f6 8. Nbd2 Bg4 9. h3 Bxf3 10. Nxf3 fxe5 11.
Nxe5 Nf5 12. Bg5 Bf6 13. Bxf5 Bxg5 14. Be6+ Kg7 15. Qg4 Bf6 16. h4 Bxe5 17. Rxe5 Rf6 18. Rae1 Qf8 19. Bc8 h5 20. Rxe7+ Kh8 21. Qg5 1-0

[Event "Early-Titled-Tuesday-Blitz-April-16-2024"]
[Site "Chess.com"]
[Date "2024.04.16"]
[Round "7"]
[White "Aygehovit1992"]
[Black "Herzog2012"]
[Result "1-0"]
[WhiteElo "2736"]
[BlackElo "2538"]
[TimeControl "180+1"]
[EndTime "9:17:23 PDT"]
[Termination "Aygehovit1992 won by resignation"]

1. e4 e5 2. Nf3 Nf6 3. Nxe5 d6 4. Nf3 Nxe4 5. Qe2 Qe7 6. d3 Nf6 7. Bg5 Bg4 8. Bxf6 gxf6 9. Nbd2 d5 10. Qxe7+ Bxe7 11. O-O-O Nd7 12. h3 Bxf3 13. Nxf3 Bc5 14. d4 Bd6 15. Re1+ Kf8 16. Bd3 Re8 17. g3 h5 18. Nh4 c5 19. Bb5 Rd8 20. Nf5 Bc7 21. Re7 1-0

[Event "Early-Titled-Tuesday-Blitz-April-16-2024"]
[Site "Chess.com"]
[Date "2024.04.16"]
[Round "7"]
[White "KorolDimitriy75"]
[Black "Chesstiger64"]
[Result "1-0"]
[WhiteElo "2318"]
[BlackElo "2369"]
[TimeControl "180+1"]
[EndTime "9:17:26 PDT"]
[Termination "KorolDimitriy75 won by resignation"]

1. d4 d6 2. c4 e5 3. Nc3 exd4 4. Qxd4 Nc6 5. Qd2 g6 6. b3 Bg7 7. Bb2 Nf6 8. Nf3 O-O 9. e3 Re8 10. Be2 Bf5 11. O-O Ne4 12. Nxe4 Bxe4 13. Rfd1 Qe7 14.
Rac1 a5 15. Nd4 Nxd4 16. Bxd4 b6 17. Bf1 Qg5 18. a3 Be5 19. f4 Bxd4 20. fxg5 Be5 21. Re1 Kg7 22. Be2 Rh8 23. Bf3 Bxf3 24. gxf3 h6 25.
f4 1-0

[Event "Early-Titled-Tuesday-Blitz-April-16-2024"]
[Site "Chess.com"]
[Date "2024.04.16"]
[Round "7"]
[White "MdChess1734"]
[Black "SmirnovTimofey2000"]
[Result "1-0"]
[WhiteElo "2363"]
[BlackElo "1975"]
[TimeControl "180+1"]
[EndTime "9:17:47 PDT"]
[Termination "MdChess1734 won by resignation"]

1. e4 e5 2. Nf3 Nf6 3. Nxe5 d6 4. Nf3 Nxe4 5. Nc3 Nxc3 6. dxc3 Be7 7. Be3 Nc6 8. Qd2 Ne5 9. O-O-O Bg4 10. Be2 Nxf3 11.
gxf3 Be6 12. Rhg1 g6 13. Bd4 Bf6 14. Qf4 Bf5 15. Bc4 O-O 16. Qxf5 Bxd4 17. Rxd4 Kh8 18.
Qh3 1-0